 Dungeon Crawl Stone Soup version 0.25.0-11-g1f837a76a1 (webtiles) character file.

Game seed: 14779845220365207370

117 sking99 the Chucker (level 5, 35/35 HPs)
             Began as an Octopode Arcane Marksman on June 27, 2020.
             Quit the game on level 2 of the Dungeon.
             The game lasted 00:04:13 (1736 turns).

sking99 the Chucker (Octopode Arcane Marksman)      Turns: 1736, Time: 00:04:15

Health: 35/35      AC:  1    Str: 10    XL:     5   Next: 1%
Magic:  6/6        EV: 13    Int: 15    God:
Gold:   110        SH:  0    Dex: 13    Spells: 5/6 levels left

rFire    . . .     SeeInvis .   f - +0 whip
rCold    . . .     Gourm    .   (no shield)
rNeg     . . .     Faith    .   (helmet restricted)
rPois    .         Spirit   .   n - amulet of the acrobat
rElec    .         Reflect  .   (no ring)
rCorr    .         Harm     .   (no ring)
MR       .....                  (no ring)
Stlth    ++........             (no ring)
HPRegen  0.11/turn              (no ring)
MPRegen  0.10/turn              (no ring)
                                (no ring)
                                (no ring)

@: no status effects
A: almost no armour, stealthy swim, amphibious, 8 rings, constrict 8, camouflage
1, gelatinous body 1
a: no special abilities


You were on level 2 of the Dungeon.
You were not hungry.

You visited 1 branch of the dungeon, and saw 2 of its levels.

You collected 110 gold pieces.

Inventory:

Hand Weapons
 f - a +0 whip (weapon)
Missiles
 b - 8 javelins
 c - 2 throwing nets
 e - 112 stones (quivered)
Jewellery
 k - a +4 ring of evasion {unknown}
 l - an uncursed ring of protection from fire {unknown}
 n - an amulet of the acrobat (around mantle)
 p - an uncursed ring of wizardry {unknown}
Wands
 q - a wand of digging (6)
Scrolls
 g - 2 scrolls of identify {unknown}
 o - 3 scrolls of remove curse {unknown}
Potions
 a - 2 potions of heal wounds {unknown}
 h - a potion of degeneration {unknown}
 i - 3 potions of might {unknown}
 j - a potion of invisibility {unknown}
Comestibles
 d - 5 rations
 m - 2 chunks of flesh


   Skills:
 + Level 2.3 Fighting
 * Level 3.8 Throwing
 - Level 2.0 Dodging
 - Level 1.0 Spellcasting
 + Level 3.7 Hexes


You had 5 spell levels left.
You knew the following spells:

 Your Spells              Type           Power        Failure   Level  Hunger
a - Corona                Hex            ##.....      5%          1    ##.....

Your spell library contained the following spells:

 Spells                   Type           Power        Failure   Level  Hunger
 Slow                     Hex            ##......     8%          2    ###....
 Inner Flame              Hex/Fire       #.......     34%         3    ####...
 Portal Projectile        Hex/Tloc       #.....       34%         3    ####...
 Cause Fear               Hex            ##........   45%         4    #####..
 Leda's Liquefaction      Hex/Erth       #.........   75%         4    #####..


Dungeon Overview and Level Annotations

Branches:
Dungeon (2/15)

Altars:


Innate Abilities, Weirdness & Mutations

You cannot wear most types of armour.
You are very stealthy in the water. (Stealth+)
You are amphibious.
You can wear up to eight rings at the same time.
You can use your tentacles to constrict eight enemies at once.
Your skin changes colour to match your surroundings (Stealth+).
Your rubbery body absorbs attacks. (AC +1, EV +1)


Message History

The adder barely misses you.
You closely miss the adder. You grab the adder.
The adder is heavily wounded.
You constrict the adder. The adder misses you. x2
You barely miss the adder.
The adder is heavily wounded.
You constrict the adder. The adder bites you.
You hit the adder but do no damage.
The adder is severely wounded.
You constrict the adder.
You kill the adder!
You have reached level 5!
You feel agile.
You see here an adder corpse.
You butcher the adder corpse.
m - 2 chunks of flesh (gained 1)
You see here an adder skeleton.
Quiver which item? (- for none, * to show all) (? for menu, Esc to quit)
Okay, then.
Are you sure you want to abandon this character and quit the game? (Confirm with "yes".)

..### ##### .....
..... ...... ####
$..... #...
###...... #.##
#######........ #.#
............... #.#
#@# #.# #.# #.#
###.#### #.#
#......# #.#
#.#.##.##########.##
#.#.##..............
#.#.#############...
#.#.# #### #[#.# #


There were no monsters in sight!

Vanquished Creatures
  Jessica (D:2)
  3 gnolls (D:2)
  3 adders (D:2)
  A dart slug (D:1)
  A leopard gecko (D:1)
  4 bats
  4 giant cockroaches
  4 hobgoblins (D:1)
  4 jackals (D:1)
  3 kobolds
  3 frilled lizards
  2 goblins
  2 rats
35 creatures vanquished.

Notes
Turn   | Place    | Note
-------+----------+-------------------------------------------
     0 | D:1      | sking99 the Octopode Arcane Marksman began the quest for
                  | the Orb.
     0 | D:1      | Reached XP level 1. HP: 13/13 MP: 2/2
    46 | D:1      | Reached XP level 2. HP: 15/18 MP: 3/3
   838 | D:1      | Reached XP level 3. HP: 18/23 MP: 4/4
  1202 | D:2      | Noticed Jessica
  1204 | D:2      | Killed Jessica
  1204 | D:2      | Reached XP level 4. HP: 29/29 MP: 5/5
  1732 | D:2      | Reached XP level 5. HP: 34/35 MP: 6/6
  1736 | D:2      | Quit the game

Illustrated notes

Levels and vault maps discovered:
D:1:      lightli_arrival_maybe_door_vault, layout_rooms, corner_web_ring
D:2:      layout_loops_ring, minmay_small_reverse_x, uniq_jessica, uniq_robin

Skill      XL: |  1  2  3 |
---------------+----------+-----
Throwing       | 3 |  3.8
Fighting       | 2 |  2.3
Dodging        | |  2.0
Spellcasting   | |  1.0
Hexes          | |  3.7

Action                   |  1- 3 |  4- 6 || total
-------------------------+-------+-------++-------
Melee: Unarmed           |     7 |       ||     7
       Constrict         |    10 |     4 ||    14
       Tentacles         |     6 |     2 ||     8
       Whip              |    25 |    13 ||    38
Throw: Javelin           |     7 |    10 ||    17
       Stone             |    33 |    16 ||    49
 Stab: Sleeping          |     1 |       ||     1
  Eat: Chunk             |     1 |     1 ||     2
Armor: Skin              |    16 |     2 ||    18
Dodge: Dodged            |    48 |    18 ||    66
